 Dungeon Crawl Stone Soup version 0.29.1-2-gbd0b4ee654 (webtiles) character file.

Game seed: 13929653648544521628

124646 GeoRichter the Severer (level 17, 0/140 HPs)
             Began as a Formicid Fighter on Nov 7, 2022.
             Was an Elder of Lugonu.
             Killed by angry trees
             ... awakened by a spriggan druid
              (13 damage)
             ... on level 4 of the Swamp on Nov 8, 2022.
             The game lasted 01:28:21 (41069 turns).

GeoRichter the Severer (Formicid Fighter)          Turns: 41069, Time: 01:28:22

Health: 0/140      AC: 23    Str: 24    XL:     17   Next: 48%
Magic:  25/25      EV:  9    Int:  9    God:    Lugonu [****..]
Gold:   658        SH: 22    Dex: 17    Spells: 16/16 levels left

rFire   + . .      SeeInvis +   a - +6 battleaxe
rCold   + . .      Faith    .   A - +0 tower shield
rNeg    . . .      Spirit   .   P - +1 plate armour "Voesuguargh" {+Blink rElec rPois rF+}
rPois   +          Reflect  +   (helmet unavailable)
rElec   +          Harm     .   U - +1 cloak
rCorr   .          Rampage  .   B - +1 pair of gloves
Will    +....                   Y - +0 pair of boots
Stlth   ..........              S - amulet of reflection
HPRegen 0.33/turn               g - +4 ring of slaying
MPRegen 0.19/turn               y - ring of protection from cold

@: invisible
A: permanent stasis, dig shafts and tunnels, antennae 3, four strong arms
a: Dig, Shaft Self, Renounce Religion, Depart the Abyss, Bend Space, Banish,
Corrupt


You were on level 4 of the Swamp.
You worshipped Lugonu.
Lugonu was greatly pleased with you.
You visited 4 branches of the dungeon, and saw 26 of its levels.
You visited 1 bazaar.

You collected 2429 gold pieces.
You spent 1771 gold pieces at shops.

Inventory:

Hand Weapons
 a - a +6 battleaxe (weapon)
   (You found it on level 4 of the Dungeon)
 b - a +2 dire flail
   (You took it off a wight on level 5 of the Dungeon)
Missiles
 e - 2 boomerangs of dispersal {!f}
 o - 2 silver javelins
 C - a throwing net {!f}
 E - 6 curare-tipped darts {!f}
 W - 4 javelins (quivered)
Armour
 c - a +0 buckler
 d - +1 swamp dragon scales
   (You took it off Maggie on level 7 of the Dungeon)
 A - a +0 tower shield (worn)
   (You took it off a vault guard on level 13 of the Dungeon)
 B - a +1 pair of gloves (worn)
   (You found it on level 11 of the Dungeon)
 J - a +2 cloak of preservation
   (You took it off Nikola on level 2 of the Swamp)
 P - the +1 plate armour "Voesuguargh" (worn) {+Blink rElec rPois rF+}
   (You bought it in a shop in a bazaar)

   rF:        It protects you from fire.
   rElec:     It insulates you from electricity.
   rPois:     It protects you from poison.
   +Blink:    It lets you blink.
 U - a +1 cloak (worn)
   (You found it on level 6 of the Dungeon)
 Y - a +0 pair of boots (worn)
   (You found it on level 2 of the Swamp)
Jewellery
 g - a +4 ring of slaying (left hand)
   (You found it on level 1 of the Dungeon)
 l - an amulet of regeneration
   (You found it on level 12 of the Dungeon)
 y - a ring of protection from cold (right hand)
   (You found it on level 10 of the Dungeon)
 z - a ring of fire
   (You found it on level 5 of the Dungeon)
 K - an amulet of guardian spirit
   (You found it on level 7 of the Dungeon)
 N - a +4 ring of protection
   (You found it on level 1 of the Lair of Beasts)
 S - an amulet of reflection (around neck)
   (You found it on level 2 of the Lair of Beasts)
Wands
 w - a wand of iceblast (4)
   (You found it on level 3 of the Lair of Beasts)
 O - a wand of charming (20)
   (You found it on level 1 of the Lair of Beasts)
 Q - a wand of digging (9)
   (You found it on level 2 of the Lair of Beasts)
 R - a wand of mindburst (20)
   (You found it on level 2 of the Lair of Beasts)
Scrolls
 h - 2 scrolls of butterflies
 j - 3 scrolls of immolation {!r}
 k - 6 scrolls of poison
 m - a scroll of magic mapping
 n - 4 scrolls of identify {@r1}
 s - 6 scrolls of enchant armour
 G - a scroll of enchant weapon
 I - 5 scrolls of amnesia
 L - a scroll of vulnerability {!r}
 T - a scroll of summoning
 V - a scroll of brand weapon {unknown}
Potions
 f - 6 potions of attraction {!q}
 i - 3 potions of brilliance
 p - 5 potions of flight
 r - 9 potions of mutation {!q}
 t - 4 potions of lignification {!q}
 u - 3 potions of resistance
 v - 3 potions of ambrosia
 x - a potion of might
 D - a potion of magic
 H - 14 potions of curing {@q1}
 M - 3 potions of cancellation
 X - a potion of berserk rage {unknown}


   Skills:
 * Level 14.8 Fighting
 * Level 18.9 Axes
 + Level 6.5 Throwing
 + Level 12.1 Armour
 - Level 9.0 Dodging
 + Level 9.7 Shields
 + Level 11.5 Invocations


You had 16 spell levels left.
You didn't know any spells.
Your spell library contained the following spells:

 Spells                   Type           Power      Damage    Failure   Level
 Magic Dart               Conj           0%         1d3       100%        1
 Necrotise                Necr           0%         1d4       100%        1
 Call Imp                 Summ           0%         N/A       100%        2
 Ensorcelled Hibernation  Hex/Ice        0%         N/A       100%        2
 Poisonous Vapours        Pois/Air       0%         N/A       100%        2
 Call Canine Familiar     Summ           0%         N/A       100%        3
 Dazzling Flash           Conj/Hex       0%         N/A       100%        3
 Mephitic Cloud           Conj/Pois/Air  0%         N/A       100%        3
 Portal Projectile        Hex/Tloc       0%         N/A       100%        3
 Spider Form              Tmut/Pois      0%         N/A       100%        3
 Vampiric Draining        Necr           0%         2d6       100%        3
 Airstrike                Air            0%         2d(0-16)  100%        4
 Anguish                  Hex/Necr       0%         N/A       100%        4
 Corpse Rot               Necr/Pois/Air  0%         N/A       100%        4
 Iskenderun's Mystic Bla  Conj/Tloc      0%         2d3       100%        4
 Leda's Liquefaction      Hex/Erth       0%         N/A       100%        4
 Summon Lightning Spire   Summ/Air       0%         N/A       100%        4
 Agony                    Necr           0%         N/A       100%        5
 Freezing Cloud           Conj/Ice/Air   0%         6-21      100%        5
 Lightning Bolt           Conj/Air       0%         1d11      100%        5
 Starburst                Conj/Fire      0%         6d3       100%        6
 Blink                    Tloc           Unusable   N/A       N/A         2

Dungeon Overview and Level Annotations

Branches:
Dungeon (15/15) Zot: 25866  Temple (0/1) D:7            Lair (5/5) D:9 Zot: 18721
  Swamp (4/4) Lair:3 Zot: 17453  Spider (0/4) Lair:2        Slime (0/5) Lair:5
    Orc (2/2) D:10 Zot: 8080     Elf (0/3) Orc:2        Vaults (0/5) D:13
 Depths (0/4) D:15

Altars:
Elyvilon
Hepliaklqana
Kikubaaqudgha
Nemelex Xobeh
Sif Muna
Trog
Uskayaw
Wu Jian
Yredelemnul
The Shining One
Lugonu

Shops:
Orc:2 !?*[=

Portals:
Abyss: D:4
Pandemonium: Orc:2

Annotations:
D:12 3 runed translucent doors, brob1's ghost, novice MiBe
D:13 3 runed translucent doors, brob1's ghost, journeyman MiBe
D:14 2 transporters, brob1's ghost, journeyman MiBe
Swamp:2 1 runed translucent door, corrupted, Matygoc's ghost, adept HaSk
Swamp:4 corrupted
Orc:2 corrupted
Abyss:1 Fannar; Rupert


Innate Abilities, Weirdness & Mutations

You cannot be hasted, slowed, berserked, paralysed or teleported.
You can dig through walls and to a lower floor.
You have a pair of large antennae on your head. (SInv)
Your four strong arms can wield two-handed weapons with a shield.


Message History

You closely miss the swamp worm. The swamp drake breathes poison at you.
The noxious blast engulfs you but does no damage.
You resist.
The small abomination hits the swamp drake!
The swamp worm is engulfed in noxious fumes.
The swamp worm appears confused.
You fade into invisibility!
The great orb of eyes gazes at the spriggan rider.
The swamp worm barely resists.
The spriggan rider hits you from afar with a +0 spear.
* * * LOW HITPOINT WARNING * * *
The orange demon stings the swamp worm.
The orange demon hits the swamp worm.
The swamp worm looks weaker.
The swamp drake bites the small abomination!
The small abomination is destroyed!
The small abomination disappears in a puff of smoke!
The starcursed mass closely misses the swamp drake.
The swamp worm writhes in pain as voices assail its mind.
The swamp drake roars!
You sock the swamp worm!
The swamp worm bites the great orb of eyes!
The spriggan druid calls out to the beasts of the wild!
The great orb of eyes bites the swamp worm.
You block the spriggan rider's attack.
The orange demon stings the swamp worm from afar!
The swamp worm dies!
A swamp dragon comes into view.
a - a +6 battleaxe (weapon)
The swamp drake roars!
The swamp worm bites the great orb of eyes.
The great orb of eyes dies!
The great orb of eyes disappears in a puff of smoke!
The spriggan rider hits you from afar with a +0 spear!
* * * LOW HITPOINT WARNING * * *
You feel better.
The swamp dragon roars deafeningly!
The swamp drake bites the starcursed mass.
The starcursed mass shudders and withdraws towards its neighbour.
You block the spriggan rider's attack.
The swamp drake roars!
You hear a splashing noise.
The swamp worm fires a harpoon shot at something.
The spriggan druid mumbles some strange words.
The forest starts to sway and rumble!
The spriggan rider barely misses you.
You see here a swamp drake corpse.
You slice the spriggan rider!!
The swamp dragon roars deafeningly!
Branches wave dangerously above you. A tree reaches out and hits you!
You die...

.~ .~.♣~~≈♣§§..§ ..
♣♣.~~♣≈≈≈♣w♣.~~~ .~
..~.♣≈≈≈w§~.~~!♣♣♣ §~
~..i≈≈≈≈≈≈≈♣~~~.... ..
♣~.§≈≈≈w≈{♣~Xk~~~~~ .~
..~.~♣≈≈≈♣♣~~~~~~~~.~ ~♣
♣~.~♣i♣♣~.†...~~~~~~.~.
♣...@4.~~.[~~§~~~..##
♣♣.♣.†~~~.~~~~~~.♣ #k
♣♣♣♣♣ ♣♣♣.~.~~♣D~~♣~~~#
D{ ♣♣~.~♣ ♣♣~...♣....~~♣
{ ♣.~~.♣
♣♣♣♣♣♣♣~.~~...~~♣
♣.~~~♣♣♣...♣ ♣♣♣X.....~♣
♣♣.~.~♣~~~~♣ ♣♣†k...~♣#
♣.<.~~.{~~~♣ ♣♣.~~~~.~♣#
{
♣....§.~x.♣♣♣♣§~~~~.♣~~♣


You could see a swamp dragon (wandering, unable to see you), a spriggan rider, a
spriggan druid, a swamp worm (unable to see you), 2 swamp drakes, a neutral
starcursed mass (summoned, wandering), a neutral orange demon (summoned, unable
to see you) and a neutral large abomination (summoned, unable to see you).

Vanquished Creatures
  Nikola (Swamp:2)
  3 thorn hunters
  A stone giant (D:15)
  2 eleionomae (Swamp:1)
  5 bunyips
  A shambling mangrove (Swamp:4)
  Josephine (D:11)
  8 vault guards (D:13)
  13 hydras
  A catoblepas (Lair:5)
  2 boulder beetles
  A ghost crab (Swamp:3)
  2 demonspawn (Orc:2)
  3 two-headed ogres
  3 alligators
  3 centaur warriors
  The ghost of ababab the Jinx, a journeyman FeEn of Dithmenos (Lair:5)
  10 death yaks
  A spriggan berserker (Swamp:2)
  6 orc high priests
  A soul eater (Orc:1)
  A deep elf knight (Swamp:2)
  4 spriggan druids
  5 skeletal warriors
  3 goliath frogs
  2 lindwurms (Lair:5)
  A wizard (D:15)
  5 bog bodies
  2 swamp dragons
  4 orc knights
  A will-o-the-wisp (Swamp:1)
  8 ugly things
  A wolf spider (Lair:2)
  3 manticores
  An elephant (shapeshifter) (D:14)
  4 cyclopes
  10 orc sorcerers
  2 elephants (Lair:5)
  A black mamba (shapeshifter) (D:15)
  A rust devil (Orc:1)
  7 black mambas
  3 torpor snails
  10 cane toads
  3 gargoyles
  A kobold demonologist (D:9)
  Maggie (D:7)
  6 rime drakes
  2 unseen horrors
  Psyche (D:8)
  10 komodo dragons
  An ice devil (Orc:2)
  A hellwing (Orc:1)
  A red devil (Orc:2)
  A queen bee (Lair:5)
  3 bloated husks
  Prince Ribbit (D:6)
  6 tyrant leeches
  3 trolls
  3 polar bears
  12 hornets
  7 slime creatures
  22 blink frogs
  3 dream sheep (Lair:5)
  3 culicivoras (Lair:2)
  10 spriggans
  6 wyverns
  8 wraiths
  A vampire (D:12)
  A golden eye (shapeshifter) (D:14)
  17 yaks
  Menkaure (D:4)
  3 basilisks
  A chaos spawn (Orc:2)
  8 vampire mosquitoes
  2 steam dragons
  2 wargs (Orc:1)
  16 swamp worms
  17 water moccasins
  2 acid dragons
  Duvessa (D:7)
  A hornet zombie (D:6)
  5 swamp drakes
  26 orc warriors
  3 black bears
  3 wolves (Lair:4)
  3 centaurs
  3 ogres
  5 phantoms
  4 kobold brigands
  2 gnoll sergeants
  8 bullfrogs
  5 scorpions
  2 necrophages (D:6)
  A water moccasin zombie (D:6)
  7 wights
  Dowan (D:7)
  2 troll zombies (D:10)
  9 killer bees
  5 howler monkeys (D:8)
  4 electric eels
  2 lava snakes (D:8)
  3 bullfrog zombies (D:6)
  15 orc priests
  A jelly (D:5)
  6 hounds
  Natasha (twice) (D:2)
  3 gnoll boudas
  An iguana (D:7)
  2 hell rats (Lair:4)
  14 orc wizards
  A killer bee zombie (D:6)
  4 ogre zombies (D:10)
  23 gnolls
  8 adders
  8 river rats (Lair:4)
  2 shadow imps
  5 white imps
  5 worms
  2 dart slugs
  53 orcs
  2 bats (D:1)
  9 endoplasms
  4 giant cockroaches (D:1)
  6 goblins
  5 hobgoblins
  4 jackals (D:2)
  19 kobolds
  6 quokkas
  A ball python (D:4)
  A frilled lizard (D:2)
  2 goblin skeletons (D:10)
  3 hobgoblin zombies (D:10)
  3 orc skeletons (D:10)
  11 orc zombies (D:10)
  9 rats
  9 briar patches
688 creatures vanquished.

Vanquished Creatures (others)
  An orc warlord (Orc:2)
  5 hydras (Swamp:4)
  2 spriggan druids
  A goliath frog (Swamp:2)
  A swamp dragon (Swamp:4)
  A bloated husk (Swamp:3)
  3 tyrant leeches
  A hornet (Swamp:2)
  A spriggan (Swamp:2)
  5 vampire mosquitoes
  A warg (Orc:2)
  4 swamp worms
  2 swamp drakes (Swamp:4)
  7 orc warriors (Orc:2)
  3 orc priests (Orc:2)
  A hell rat (Lair:5)
  An orc wizard (Orc:2)
  14 orcs
  2 briar patches
  2 foxfires (Swamp:1)
  31 fungi
  A lurking horror (D:4)
  19 plants
  8 starspawn tentacles (Orc:2)
117 creatures vanquished.

Grand Total: 805 creatures vanquished

Notes
Turn   | Place    | Note
-------+----------+-------------------------------------------
     0 | D:1      | GeoRichter the Formicid Fighter began the quest for the
                  | Orb.
     0 | D:1      | Reached XP level 1. HP: 18/18 MP: 1/1
   112 | D:1      | Reached XP level 2. HP: 23/24 MP: 2/2
   237 | D:1      | Reached skill level 3 in Axes
   254 | D:1      | Reached XP level 3. HP: 24/29 MP: 3/3
   829 | D:2      | Reached skill level 4 in Axes
   829 | D:2      | Reached XP level 4. HP: 35/35 MP: 4/4
  1180 | D:2      | Reached XP level 5. HP: 20/41 MP: 5/5
  1448 | D:2      | Noticed Natasha
  1454 | D:2      | Killed Natasha
  1455 | D:2      | Reached skill level 5 in Axes
  1679 | D:2      | Noticed Natasha
  1686 | D:2      | Killed Natasha
  2244 | D:3      | Found a glowing golden altar of the Shining One.
  2431 | D:3      | Reached XP level 6. HP: 47/47 MP: 6/6
  2472 | D:3      | Found a faded altar of an unknown god.
  2589 | D:4      | Reached skill level 6 in Axes
  2599 | D:4      | Noticed a black bear
  2603 | D:4      | Killed a black bear
  2723 | D:4      | Found a corrupted altar of Lugonu.
  2724 | D:4      | Found a one-way gate to the infinite horrors of the Abyss.
  2733 | D:4      | Became a worshipper of Lugonu the Unformed
  2733 | D:4      | Reached * piety under Lugonu
  3005 | D:4      | Found a sparkling altar of Nemelex Xobeh.
  3012 | D:4      | Reached XP level 7. HP: 42/52 MP: 7/7
  3013 | D:4      | Found an ancient bone altar of Kikubaaqudgha.
  3106 | D:4      | Reached skill level 7 in Axes
  3539 | D:5      | Entered Level 5 of the Dungeon
  3539 | D:5      | Noticed Menkaure
  3812 | D:4      | Killed Menkaure
  3813 | D:4      | Reached skill level 8 in Axes
  4243 | D:5      | Reached XP level 8. HP: 58/58 MP: 8/8
  4297 | D:5      | Reached skill level 9 in Axes
  4462 | D:5      | Reached skill level 1 in Invocations
  4773 | D:5      | Reached ** piety under Lugonu
  5163 | D:6      | Noticed Prince Ribbit
  5322 | D:6      | Reached XP level 9. HP: 51/66 MP: 11/11
  5326 | D:6      | Reached skill level 10 in Axes
  5883 | D:6      | Found a basalt altar of Yredelemnul.
  5906 | D:6      | Killed Prince Ribbit
  5907 | D:6      | Reached skill level 5 in Fighting
  6222 | D:6      | Found a shimmering blue altar of Sif Muna.
  6891 | D:6      | Reached skill level 11 in Axes
  6891 | D:6      | Reached skill level 5 in Invocations
  7225 | D:7      | Identified the +3 dagger of Untimely Demise {distort,
                  | *Corrode rF+ Dex+5}
  7421 | D:7      | Identified the +1 leather armour "Riloit" {rElec rC+}
  7464 | D:7      | Reached XP level 10. HP: 76/76 MP: 14/14
  7557 | D:7      | Noticed Dowan
  7571 | D:7      | Killed Dowan
  7587 | D:7      | Noticed Duvessa
  7600 | D:7      | Killed Duvessa
  7771 | D:7      | Found a staircase to the Ecumenical Temple.
  7834 | D:7      | Noticed Maggie
  7861 | D:7      | Killed Maggie
  8278 | D:8      | Reached *** piety under Lugonu
  8359 | D:8      | Reached skill level 12 in Axes
  8625 | D:8      | Noticed Psyche
  8661 | D:8      | Killed Psyche
  8832 | D:8      | Found a white marble altar of Elyvilon.
  8832 | D:8      | Found a hazy altar of Hepliaklqana.
  9189 | D:8      | Found an ornate altar of the Wu Jian Council.
  9859 | D:9      | Noticed a kobold demonologist
  9881 | D:8      | Reached skill level 1 in Dodging
 10073 | D:8      | Reached XP level 11. HP: 76/84 MP: 13/16
 10097 | D:9      | Noticed a sixfirhy
 10110 | D:9      | Noticed a boulder beetle
 10234 | D:9      | Killed a boulder beetle
 10588 | D:9      | Reached skill level 5 in Shields
 10588 | D:9      | Reached **** piety under Lugonu
 10776 | D:9      | Found a bloodstained altar of Trog.
 10857 | D:9      | Found a staircase to the Lair.
 11065 | D:10     | Entered Level 10 of the Dungeon
 11376 | D:10     | Found a staircase to the Orcish Mines.
 11382 | D:10     | Reached skill level 13 in Axes
 12049 | D:9      | Reached skill level 1 in Throwing
 12059 | Lair:1   | Entered Level 1 of the Lair of Beasts
 12598 | Lair:1   | Reached skill level 5 in Armour
 13084 | Lair:1   | Reached XP level 12. HP: 61/94 MP: 8/18
 13740 | Lair:2   | Noticed a death yak
 13740 | Lair:2   | Noticed a death yak
 13901 | Lair:2   | Reached ***** piety under Lugonu
 14158 | Lair:1   | Killed a death yak
 14292 | Lair:2   | Killed a death yak
 14293 | Lair:2   | Reached skill level 14 in Axes
 14618 | Lair:2   | Found a hole to the Spider Nest.
 14960 | Lair:2   | You fall into a shaft and drop 1 floor!
 15671 | Lair:3   | Reached skill level 5 in Throwing
 16109 | Lair:3   | Noticed a death yak
 16109 | Lair:3   | Noticed a death yak
 16109 | Lair:3   | Noticed a death yak
 16130 | Lair:3   | Noticed a death yak
 16131 | Lair:3   | Noticed a death yak
 16174 | Lair:2   | Killed a death yak
 16175 | Lair:2   | Reached XP level 13. HP: 12/101 MP: 19/19
 17289 | Lair:3   | Reached skill level 5 in Dodging
 17873 | Lair:3   | Found a staircase to the Swamp.
 18310 | Lair:4   | Reached skill level 10 in Fighting
 18555 | Lair:4   | Noticed an eight-headed hydra
 18563 | Lair:4   | Banished an eight-headed hydra
 18564 | Lair:4   | Reached skill level 15 in Axes
 19091 | Lair:4   | Found a hide-covered altar of Uskayaw.
 19099 | Lair:4   | Noticed a six-headed hydra
 19102 | Lair:4   | Banished a six-headed hydra
 20057 | Lair:5   | Entered Level 5 of the Lair of Beasts
 20458 | Lair:5   | Noticed ababab's ghost (journeyman FeEn)
 20483 | Lair:5   | Found a transporter.
 20487 | Lair:5   | Found a transporter.
 20492 | Lair:5   | Found a staircase to the Slime Pits.
 20824 | Lair:5   | Noticed a seven-headed hydra
 20828 | Lair:5   | Banished a seven-headed hydra
 20829 | Lair:5   | Reached XP level 14. HP: 103/107 MP: 11/20
 21922 | Lair:5   | Reached skill level 16 in Axes
 21951 | Lair:5   | Got Isiement's Precepts of Frostbitten Displacement
 22209 | Lair:5   | Reached skill level 10 in Invocations
 22936 | D:11     | Noticed Josephine
 22949 | D:11     | Killed Josephine
 23582 | Orc:1    | Entered Level 1 of the Orcish Mines
 23761 | Orc:1    | You fall into a shaft and drop 1 floor!
 23761 | Orc:2    | Entered Level 2 of the Orcish Mines
 23769 | Orc:1    | Noticed an orc warlord
 23769 | Orc:1    | Noticed an orc warlord
 23772 | Orc:2    | Corrupted Orc:2
 23772 | Orc:2    | Noticed a tentacled starspawn
 23779 | Orc:2    | Noticed a tentacled starspawn
 23781 | Orc:2    | Noticed an orc warlord
 23801 | Orc:2    | Killed an orc warlord
 24029 | Orc:2    | Found a staircase to the Elven Halls.
 24030 | Orc:2    | Found Yfadiolo's Assorted Antiques.
 24061 | Orc:2    | Bought a potion of heal wounds for 120 gold pieces
 24061 | Orc:2    | Bought a fuming green potion for 21 gold pieces
 25013 | D:10     | Banished an orc warlord
 25274 | Orc:1    | Banished an orc warlord
 25546 | Orc:2    | Found Wiquarr's Magic Scroll Boutique.
 25548 | Orc:2    | Found Uhaoqol's Distillery.
 25619 | Orc:1    | Reached XP level 15. HP: 50/109 MP: 22/22
 25622 | Orc:1    | HP: 4/107 [soul eater (17)]
 26482 | Orc:2    | Bought a potion of curing for 48 gold pieces
 26482 | Orc:2    | Bought 2 potions of heal wounds for 160 gold pieces
 26482 | Orc:2    | Bought a potion of curing for 48 gold pieces
 26482 | Orc:2    | Bought a potion of mutation for 128 gold pieces
 27411 | Orc:2    | Reached skill level 10 in Armour
 27698 | Orc:2    | Reached skill level 17 in Axes
 27776 | Orc:2    | Found Ratadgh's Antique Armour Shoppe.
 27776 | Orc:2    | Found a one-way gate leading to the halls of Pandemonium.
 27776 | Orc:2    | Found Qotumipn's Jewellery Emporium.
 29592 | D:12     | Noticed Fannar
 29592 | D:12     | Noticed Rupert
 29622 | D:12     | Banished Fannar
 29768 | D:12     | Banished Rupert
 29828 | D:12     | Noticed brob1's ghost (novice MiBe)
 29829 | D:12     | Identified the ring of Ybebb {Ice Str+2 Int+4 SInv}
 30044 | D:12     | Found a runed translucent gate.
 30044 | D:12     | Found a runed translucent gate.
 30044 | D:12     | Found a runed translucent gate.
 30218 | D:13     | Noticed brob1's ghost (journeyman MiBe)
 30221 | D:13     | Noticed a fire giant
 30223 | D:13     | Found a runed translucent gate.
 30223 | D:13     | Found a runed translucent gate.
 30223 | D:13     | Found a runed translucent gate.
 30606 | D:13     | Found a gate to the Vaults.
 30649 | D:13     | Reached XP level 16. HP: 76/129 MP: 24/24
 32247 | D:14     | Identified the +3 scale mail of Imperfection {rCorr Int+4}
 32254 | D:14     | Found a transporter.
 32263 | D:14     | Noticed brob1's ghost (journeyman MiBe)
 32278 | D:14     | Found a bloodstained altar of Trog.
 32285 | D:14     | Found a transporter.
 32424 | D:15     | Entered Level 15 of the Dungeon
 32450 | D:15     | Found a staircase to the Depths.
 32465 | D:15     | Reached skill level 18 in Axes
 32894 | D:15     | Found a gateway to a bazaar.
 32941 | Bazaar   | Entered a bazaar
 32946 | Bazaar   | Found Deolenk's Armour Boutique.
 32947 | Bazaar   | Found Jossud's Distillery.
 32974 | Bazaar   | Found Jytsyst's Distillery.
 32974 | Bazaar   | Found Epyhygo's Book Shoppe.
 32991 | Bazaar   | Found Aroil's Weapon Boutique.
 33217 | Bazaar   | Found Leerom's Antique Armour Shop.
 33222 | Bazaar   | Bought an encrusted plate armour for 616 gold pieces
 33222 | Bazaar   | Identified the +1 plate armour "Voesuguargh" {+Blink rElec
                  | rPois rF+} (You bought it in a shop in a bazaar)
 33242 | Bazaar   | Bought a potion of heal wounds for 90 gold pieces
 33242 | Bazaar   | Bought a potion of curing for 54 gold pieces
 33242 | Bazaar   | Bought a potion of mutation for 144 gold pieces
 33242 | Bazaar   | Bought a potion of curing for 54 gold pieces
 33259 | Bazaar   | Bought a potion of curing for 27 gold pieces
 33259 | Bazaar   | Bought a potion of might for 36 gold pieces
 33259 | Bazaar   | Bought 2 potions of curing for 54 gold pieces
 33259 | Bazaar   | Bought a potion of curing for 27 gold pieces
 33259 | Bazaar   | Bought a potion of curing for 27 gold pieces
 33259 | Bazaar   | Bought a potion of mutation for 72 gold pieces
 33259 | Bazaar   | Bought a potion of heal wounds for 45 gold pieces
 33584 | D:15     | Identified the +3 quarterstaff "Qamaupn" {vorpal, rPois
                  | Str+4}
 34224 | Lair:5   | Killed ababab's ghost
 34522 | Swamp:1  | Entered Level 1 of the Swamp
 34552 | Swamp:1  | Noticed a thorn hunter
 34769 | Swamp:1  | Killed a thorn hunter
 36331 | Swamp:2  | Noticed a thorn hunter
 36484 | Swamp:2  | Killed a thorn hunter
 36638 | Swamp:2  | Found a runed translucent door.
 36829 | Swamp:2  | Noticed Matygoc's ghost (adept HaSk)
 36829 | Swamp:2  | Noticed Nikola
 36829 | Swamp:2  | Identified the +6 spear "Nasitzim" {freeze, rF+}
 36851 | Swamp:2  | Killed Nikola
 36987 | Swamp:2  | Corrupted Swamp:2
 37355 | Swamp:2  | Identified the +8 short sword of Poxosuop {flame, rCorr
                  | Int+4}
 37716 | Swamp:2  | Reached XP level 17. HP: 86/139 MP: 25/25
 39470 | Swamp:4  | Entered Level 4 of the Swamp
 39692 | Swamp:4  | Noticed a thorn hunter
 40151 | Swamp:4  | Noticed a thorn hunter
 40597 | Swamp:4  | Killed a thorn hunter
 41006 | Swamp:4  | Corrupted Swamp:4
 41066 | Swamp:4  | HP: 3/140 [spriggan rider/+0 spear[a spriggan druid] (10)]
 41069 | Swamp:4  | Killed from afar by a spriggan druid

Illustrated notes

Levels and vault maps discovered:
D:1:      nagdon_arrival_double_spiral, layout_rooms, minmay_octomino_c4
D:2:      layout_basic, uniq_natasha
D:3:      layout_rooms, mainiacjoe_overflow_surrounded_room,
          hellmonk_ecumenical_altar_heavens_door, corner_web_ring
D:4:      layout_loops_cross, jmf_multi_god_temple, kennysheep_flooded_box,
          amcnicky_altar_lugonu_corruption
D:5:      layout_loops_ring, uniq_menkaure
D:6:      layout_cave_pools, nicolae_overflow_crystal_walls,
          nicolae_yredelemnul_corpse_copse,
          nicolae_ossuary_entry_false_entrances, uniq_prince_ribbit1
D:7:      layout_loops_cross, temple_fountains, serial_glass, glass_columns_a,
          glass_columns_a, glass_columns_a, glass_columns_c, glass_columns_c,
          glass_columns_b, glass_columns_c, glass_columns_b, glass_columns_a,
          glass_columns_a, glass_columns_a, glass_columns_c, glass_columns_a,
          glass_columns_a, uniq_maggie, uniq_duvessa
D:8:      nicolae_cairo_tiling_large_dashed, layout_rooms,
          nzn_wu_jian_contemplation, nicolae_overflow_two_pavilions,
          serial_corexii_hall, chequers_hall_statues_wall_a,
          chequers_hall_statues_corner_a, uniq_psyche
D:9:      layout_rooms, mainiacjoe_overflow_chevrons, dpeg_oklobed_lair,
          minivault_20
D:10:     layout_basic, zombieorc1_lemuel
D:11:     layout_loops_ring, uniq_josephine
D:12:     layout_big_octagon, maelrawn_ghost_gauntlet_escape,
          amcnicky_mini_pool_medium, uniq_rupert, uniq_fannar
D:13:     layout_roguey, erik_vaults_2, gammafunk_ghost_split
D:14:     layout_basic, gammafunk_ghost_wrathful_warriors, grunt_decor_arrowhead
D:15:     grunt_enter_depths_giant_problem, layout_loops_ring, serial_shops,
          bzr_entry_safe, nrook_pool_corridor
Lair:1:   layout_regular_city, beast_lair_carwin_2
Lair:2:   layout_chaotic_city, spider_nest_entry_funnel_web,
          eino_small_chamber_without_monster, infiniplex_staircase_pool,
          grunt_megastairs_3, serial_bayou_shore_a
Lair:3:   layout_cave_pods, nicolae_swamp_entry_splash_gauntlet,
          infiniplex_staircase_pool_2, grunt_megastairs_4
Lair:4:   layout_roguey, basic_altar, kennysheep_rathole
Lair:5:   hangedman_lair_in_review, layout_hall_layers, slime_entry_1,
          gammafunk_ghost_hive
Swamp:1:  layout_basic_swamp, evilmike_swamp_ruin_house_6, swamp_pool1
Swamp:2:  cheibrodos_swamp_heart_of_darkness, layout_basic_swamp,
          ebering_ghost_funeral_grove, nicolae_swamp_fairy_circle, uniq_nikola
Swamp:3:  layout_basic_swamp, serial_swamp_ruin, evilmike_swamp_ruin_house_4,
          hangedman_swamp_ruin_wall, evilmike_swamp_ruin_house_3
Swamp:4:  swamp, layout_basic_swamp, swamp_pool2, cheibrodos_swamp_minitomb
Orc:1:    layout_diamond_mine
Orc:2:    pf_orc_diabolical, layout_caves, serial_shops,
          nicolae_shop_hallway_plus

Skill      XL: |  1  2  3  4  5  6  7  8  9 10 11 12 13 14 15 16 17 |
---------------+----------------------------------------------------+-----
Axes           | 3 4 5 6 8 9 11 12 13 14 15 16 17 18 | 18.9
Invocations    | 2 5 7 8 9 10 11 | 11.5
Fighting       | 4 6 7 8 9 10 11 12 14 | 14.8
Dodging        | 1 3 4 6 7 8 9 |  9.0
Armour         | 5 6 8 9 10 11 12 | 12.1
Shields        | 6 7 9 |  9.7
Throwing       | 2 5 6 |  6.5

Action                   |  1- 3 |  4- 6 |  7- 9 | 10-12 | 13-15 | 16-18 || total
-------------------------+-------+-------+-------+-------+-------+-------++-------
Melee: War axe           |    62 |   127 |   209 |    52 |       |       ||   450
       Battleaxe         |       |       |    16 |   449 |   983 |   457 ||  1905
       Dire flail        |       |       |       |       |     5 |    86 ||    91
Throw: Dart              |       |       |       |     6 |       |     1 ||     7
       Javelin           |       |       |       |    15 |     8 |    14 ||    37
Invok: Banish            |       |       |       |       |    14 |     1 ||    15
       Corrupt           |       |       |       |       |     1 |     2 ||     3
 Abil: Dig               |       |       |       |       |     8 |     2 ||    10
Evoke: Wand              |       |       |       |       |     6 |       ||     6
  Use: Potion            |       |       |     1 |    14 |     9 |     8 ||    32
       Scroll            |       |       |       |    18 |    15 |       ||    33
 Stab: Distracted        |       |     1 |       |       |       |       ||     1
       Invisible         |       |       |       |     4 |       |       ||     4
Armor: Scale mail        |    26 |    50 |    23 |       |       |       ||    99
       Chain mail        |       |       |    64 |    15 |       |       ||    79
       Swamp dragon scal |       |       |       |   156 |   150 |       ||   306
       Plate armour      |       |       |       |     2 |   132 |   269 ||   403
Dodge: Dodged            |    24 |    43 |    99 |   275 |   360 |   152 ||   953
Block: Buckler           |    16 |    30 |    44 |   132 |   449 |     3 ||   674
       Reflection        |       |       |       |       |    11 |    32 ||    43
       Tower shield      |       |       |       |       |       |   608 ||   608
